 Dungeon Crawl Stone Soup version 0.29-a0-330-g52719c12eb (webtiles) character file.

Game seed: 11906205666897457592

1881 YayAnonymity the Cleaver (level 9, -2/74 HPs)
             Began as a Hill Orc Fighter on Apr 13, 2022.
             Was a Follower of Beogh.
             Slain by an ufetubus (4 damage)
             ... on level 6 of the Dungeon.
             The game lasted 00:08:00 (5038 turns).

YayAnonymity the Cleaver (Hill Orc Fighter)         Turns: 5038, Time: 00:08:01

Health: -2/74      AC: 15    Str: 23    XL:     9   Next: 14%
Magic:  11/11      EV:  7    Int:  8    God:    Beogh [*.....]
Gold:   712        SH:  4    Dex: 10    Spells: 8/8 levels left

rFire   . . .      SeeInvis .   a - +3 hand axe (flame)
rCold   . . .      Faith    .   c - +0 buckler
rNeg    . . .      Spirit   .   u - +0 chain mail
rPois   .          Reflect  .   k - +0 helmet
rElec   .          Harm     .   p - +2 cloak {rCorr}
rCorr   +          Rampage  .   i - +0 pair of gloves
Will    .....                   (no boots)
Stlth   ..........              (no amulet)
HPRegen 0.22/turn               (no ring)
MPRegen 0.12/turn               (no ring)

@: slowed, very slow
A: no striking features
a: Renounce Religion


You were on level 6 of the Dungeon.
You worshipped Beogh.
Beogh was aware of your devotion.
You visited 1 branch of the dungeon, and saw 6 of its levels.

You collected 712 gold pieces.

Inventory:

Hand Weapons
 a - a +3 hand axe of flaming (weapon)
 l - a +4 spear of venom
 w - a +0 vorpal war axe
Missiles
 e - 3 poisoned darts (quivered)
Armour
 c - a +0 buckler (worn)
 i - a +0 pair of gloves (worn)
 k - a +0 helmet (worn)
 p - a +2 cloak of preservation (worn)
 u - a +0 chain mail (worn)
Scrolls
 b - a scroll of identify
 f - a scroll of teleportation
 o - a scroll of fog
 v - a scroll of enchant armour {unknown}
Potions
 d - a potion of might
 g - 2 potions of attraction
 h - a potion of heal wounds {unknown}
 j - 6 potions of curing
 m - 3 potions of lignification
 n - a potion of magic
 q - a potion of berserk rage
 r - 2 potions of haste
 s - a potion of flight
 t - a potion of brilliance


   Skills:
 + Level 5.1 Fighting
 * Level 13.2 Axes
 + Level 4.7 Armour
 - Level 4.0 Shields
 + Level 3.7 Invocations


You had 8 spell levels left.
You didn't know any spells.
Your spell library was empty.

Dungeon Overview and Level Annotations

Branches:
Dungeon (6/15)             Temple (0/1) D:4

Altars:

Shops:
D:4 !

Portals:
Ossuary: D:6


Message History

You slash the hornet! You burn the hornet.
The hornet is heavily wounded.
You feel sick. The hornet closely misses you.
You hit the hornet but do no damage.
The hornet is heavily wounded.
You feel yourself speed up.
You feel sick. The hornet closely misses you.
An ufetubus comes into view.
The hornet stings you but does no damage.
You slash the hornet! You burn the hornet.
The hornet is severely wounded.
You feel sick. The hornet stings you!
You feel yourself slow down.
You hit the hornet. You burn the hornet.
The hornet is almost dead.
The hornet stings you!
You are more poisoned.
You feel as though you will be slow longer.
You hit the hornet. You burn the hornet.
The hornet is almost dead.
You feel very sick. The hornet stings you.
* * * LOW HITPOINT WARNING * * *
You suddenly lose the ability to move!
The hornet stings you!
* * * LOW HITPOINT WARNING * * *
You are more poisoned.
You feel as though you will be slow longer.
* * * LOW HITPOINT WARNING * * *
You feel very sick. The hornet stings you.
* * * LOW HITPOINT WARNING * * *
You feel as though you will be slow longer.
You can move again.
You feel better. The hornet barely misses you.
The hornet stings you but does no damage.
The hornet stings you!
* * * LOW HITPOINT WARNING * * *
You feel as though you will be slow longer.
The ufetubus hits you but does no damage.
The ufetubus hits you.
You die...

..###.>.......... .
#................ ..
#.####....#..^...
#.#.. ##<##......#
.#....###...#.......
.......#)..###.....
#..?..#####..∩
###y..........
#@.#..... #5.##.....
.....#.### .....####
#...... #...#.#.
..#..##.. ..###. ..


You could see a hornet and an ufetubus.

Vanquished Creatures
  Pikel (D:5)
  Grinder (D:4)
  Sigmund (D:3)
  A sky beast (D:5)
  A centaur (D:5)
  4 phantoms (D:5)
  4 lemures (D:5)
  2 necrophages
  A gnoll sergeant (D:4)
  A scorpion (D:5)
  An orc priest (D:5)
  2 hounds (D:5)
  A jelly (D:6)
  A gnoll shaman (D:5)
  2 iguanas
  5 adders
  8 gnolls (D:4)
  2 ufetubi (D:5)
  A worm (D:2)
  3 dart slugs
  7 orcs
  6 ball pythons
  5 bats
  2 endoplasms (D:2)
  A giant cockroach (D:3)
  8 goblins
  3 hobgoblins
  3 jackals (D:3)
  4 quokkas
  4 frilled lizards
  12 kobolds
  8 rats
106 creatures vanquished.

Vanquished Creatures (others)
  An adder (D:5)
1 creature vanquished.

Grand Total: 107 creatures vanquished

Notes
Turn   | Place    | Note
-------+----------+-------------------------------------------
     0 | D:1      | YayAnonymity the Hill Orc Fighter began the quest for the
                  | Orb.
     0 | D:1      | Reached XP level 1. HP: 19/19 MP: 1/1
    32 | D:1      | Reached skill level 3 in Axes
    92 | D:1      | Reached XP level 2. HP: 20/26 MP: 2/2
   277 | D:1      | Reached skill level 4 in Axes
   285 | D:1      | Reached XP level 3. HP: 23/31 MP: 3/3
   925 | D:2      | Reached XP level 4. HP: 36/39 MP: 4/4
  1048 | D:2      | Reached skill level 5 in Axes
  1938 | D:3      | Noticed Sigmund
  1946 | D:3      | Killed Sigmund
  1947 | D:3      | Reached skill level 7 in Axes
  1947 | D:3      | Reached XP level 5. HP: 25/45 MP: 5/5
  1947 | D:3      | Reached XP level 6. HP: 29/51 MP: 6/6
  2375 | D:3      | Reached skill level 8 in Axes
  2565 | D:4      | Found a staircase to the Ecumenical Temple.
  2766 | D:4      | Noticed Grinder
  2783 | D:4      | Reached skill level 9 in Axes
  2789 | D:4      | Paralysed by Grinder for 3 turns
  2896 | D:4      | Paralysed by Grinder for 5 turns
  3073 | D:4      | Paralysed by Grinder for 5 turns
  3097 | D:4      | Killed Grinder
  3098 | D:4      | Reached skill level 10 in Axes
  3098 | D:4      | Reached XP level 7. HP: 49/57 MP: 7/7
  3179 | D:4      | Found Ykkuseb's Distillery.
  3323 | D:5      | Entered Level 5 of the Dungeon
  3729 | D:5      | Became a worshipper of Beogh the Brigand
  3842 | D:5      | Reached skill level 11 in Axes
  3856 | D:5      | Reached XP level 8. HP: 35/64 MP: 8/8
  4144 | D:5      | Reached skill level 12 in Axes
  4419 | D:5      | Reached skill level 1 in Invocations
  4648 | D:5      | Reached * piety under Beogh
  4652 | D:5      | Identified a scroll of acquirement
  4652 | D:5      | Acquired 391 gold pieces
  4681 | D:5      | Noticed Pikel
  4693 | D:5      | Killed Pikel
  4694 | D:5      | Reached skill level 5 in Fighting
  4694 | D:5      | Reached skill level 13 in Axes
  4694 | D:5      | Reached XP level 9. HP: 53/74 MP: 9/11
  5013 | D:6      | Found a sand-covered staircase.
  5027 | D:6      | Noticed a hornet
  5036 | D:6      | Paralysed by a hornet for 2 turns
  5037 | D:6      | HP: 3/74 [hornet (4)]
  5038 | D:6      | Slain by an ufetubus

Illustrated notes

Levels and vault maps discovered:
D:1:      psy_arrival_terrarium, layout_rooms, fountainhead,
          hangedman_abyss_or_decor_lesser_grid
D:2:      layout_loops_ring
D:3:      layout_basic, uniq_sigmund
D:4:      layout_rooms, minmay_temple_entry_tees, serial_shops,
          nicolae_square_shop, uniq_grinder
D:5:      layout_loops_cross, grunt_decor_one_mirror, kennysheep_generic_room_6,
          uniq_pikel
D:6:      layout_cave_pools, lemuel_mausoleum_altar_kikubaaqudgha,
          mainiacjoe_overflow_brackets, enter_ossuary_3

Skill      XL: |  1  2  3  4  5  6  7  8 |
---------------+-------------------------+-----
Axes           | 3 4 7 10 11 13 | 13.2
Shields        | 4 |  4.0
Invocations    | 3 |  3.7
Fighting       | 5 |  5.1
Armour         | 4 |  4.7

Action                   |  1- 3 |  4- 6 |  7- 9 || total
-------------------------+-------+-------+-------++-------
Melee: War axe           |    82 |    72 |       ||   154
       Hand axe          |       |    72 |   157 ||   229
Throw: Dart              |       |     5 |     3 ||     8
Invok: Convert to Beogh  |       |       |     1 ||     1
  Use: Scroll            |       |    12 |     2 ||    14
       Potion            |       |       |     2 ||     2
Armor: Scale mail        |    45 |    64 |    35 ||   144
       Chain mail        |       |       |    30 ||    30
Dodge: Dodged            |    36 |    56 |    48 ||   140
Block: Buckler           |    24 |    29 |    27 ||    80

Table legend: (Time is in decaauts)
 A = Elapsed time spent in this place.
 B = Non-inter-level travel time spent in this place.
 C = Inter-level travel time spent in this place.
 D = Time resting spent in this place.
 E = Time spent auto-exploring this place.
 F = Levels seen in this place.
 G = Mean time per level.
                   A        B        C        D        E       F      G
               +--------+--------+--------+--------+--------+-----+--------+
         Total |   5046 |   4914 |    132 |    585 |   3382 |   6 |  841.0 |
       Dungeon |   5046 |   4914 |    132 |    585 |   3382 |   6 |  841.0 |
               +--------+--------+--------+--------+--------+-----+--------+

Top non-repeatable levels by time:
     D:5: 1253 daAuts
     D:3: 1205 daAuts
     D:2: 954 daAuts
     D:4: 943 daAuts
     D:1: 659 daAuts
     D:6: 30 daAuts
